[Event "*** Titled Tuesday 3|2 Blitz"]
[Site "Chess.com"]
[Date "2017.05.02"]
[Round "7"]
[White "Noukii"]
[Black "GrigorGrigorov"]
[Result "0-1"]
[WhiteElo "2627"]
[BlackElo "2522"]
[TimeControl "180+2"]
[EndTime "14:32:26 PDT"]
[Termination "GrigorGrigorov won by resignation"]

1. d4 Nf6 2. c4 e6 3. Nf3 b6 4. g3 Bb7 5. Bg2 Be7 6. O-O O-O 7.
Re1 Ne4 8. Nfd2 d5 9. Nc3 f5 10. Qb3 Nc6 11. e3 Nxd2 12. Bxd2 Na5 13. Qc2 Nxc4 14.
Rec1 Nd6 15. a4 c5 16. a5 c4 17. Ne2 b5 18. Bb4 a6 19. f3 Qd7 20. Re1 Rf7 21.
Rad1 Raf8 22. Qc3 g5 23. Kf2 Nc8 24. Nc1 Na7 25. Bxe7 Qxe7 26. b4 Nc6 27. Na2 Qf6 28. f4 Rg7 29. Bf3 Bc8 30. Qb2 Bd7 31. Nc3 Be8 32.
Rh1 Qh6 33. h4 gxf4 34. gxf4 Bh5 35. Rdg1 Bxf3 36. Kxf3 Rf7 37. Na2 Qh5+ 38. Kf2 Rxg1 39. Rxg1+ Rg7 40. Rxg7+ Kxg7 41. Kf1 Qxh4 0-1

[Event "*** Titled Tuesday 3|2 Blitz"]
[Site "Chess.com"]
[Date "2017.05.02"]
[Round "7"]
[White "ItalianMachine"]
[Black "IMVoja"]
[Result "1-0"]
[WhiteElo "2213"]
[BlackElo "2337"]
[TimeControl "180+2"]
[EndTime "14:32:31 PDT"]
[Termination "ItalianMachine won by resignation"]

1. e4 c6 2. d4 d5 3. e5 Bf5 4.
Nc3 e6 5. g4 Bg6 6. Nge2 c5 7.
Be3 h6 8. dxc5 Nc6 9. f4 Qa5 10. a3 d4 11. b4 Qd8 12. Nxd4 Nge7 13. Ndb5 Nd5 14. Nxd5 exd5 15. Bg2 Be4 16. Bxe4 dxe4 17. Qe2 Qh4+ 18. Bf2 Qh3 19. Nc7+ Kd7 20. Nxa8 Qc3+ 21.
Qd2+ Qxd2+ 22. Kxd2 Be7 23. Ke3 Rxa8 24. Kxe4 Ke8 25.
Rad1 a6 26. c3 g6 27. a4 Rc8 28. Rd5 Bf8 29. Rhd1 Be7 30. Rd7 Rb8 31. b5 axb5 32.
axb5 Na5 33. f5 gxf5+ 34. gxf5 Rc8 35. f6 Bf8 36. c6 bxc6 37. Bb6 1-0

[Event "*** Titled Tuesday 3|2 Blitz"]
[Site "Chess.com"]
[Date "2017.05.02"]
[Round "7"]
[White "wonderfultime"]
[Black "yurisolo"]
[Result "0-1"]
[WhiteElo "2569"]
[BlackElo "2530"]
[TimeControl "180+2"]
[EndTime "14:32:33 PDT"]
[Termination "yurisolo won by resignation"]

1. d4 d5 2. c4 e6 3. Nc3 c6 4. e3 Nf6 5. Nf3 Nbd7 6. Bd3 dxc4 7. Bxc4 b5 8. Bd3 Bd6 9. O-O O-O 10. a3 Bb7 11. b4 a5 12. Rb1 axb4 13. axb4 Nd5 14.
Bd2 Qe7 15. Nxd5 exd5 16. Qc2 h6 17. Bc3 Rfe8 18. Rfe1 Nb6 19. e4 dxe4 20. Bxe4 Qc7 21. Ne5 Nd5 22. g3 Rad8 23. Nd3 Rxe4 24. Rxe4 c5 25.
Nxc5 Nxc3 26. Nxb7 Qxb7 0-1

[Event "*** Titled Tuesday 3|2 Blitz"]
[Site "Chess.com"]
[Date "2017.05.02"]
[Round "7"]
[White "TricksOnly"]
[Black "Abrito99"]
[Result "0-1"]
[WhiteElo "2377"]
[BlackElo "2307"]
[TimeControl "180+2"]
[EndTime "14:32:34 PDT"]
[Termination "Abrito99 won by resignation"]

1. e4 e6 2. d4 d5 3. Nc3 Bb4 4.
Bd3 c5 5. exd5 Qxd5 6. Bd2 Bxc3 7. Bxc3 cxd4 8. Bxd4 Qxg2 9. Qf3 Qxf3 10. Nxf3 f6 11.
O-O-O Nc6 12. Bc3 e5 13. Rhg1 g6 14. Bb5 Ne7 15. Rd6 O-O 16. h4 Nf5 17. Bc4+ Kg7 18. Rdd1 e4 19. Ng5 e3 20. f3 h6 21. Ne4 Nxh4 22.
Nd6 Nxf3 23. Rgf1 Nfe5 24. Nxc8 Raxc8 25. Be2 Rcd8 0-1

[Event "*** Titled Tuesday 3|2 Blitz"]
[Site "Chess.com"]
[Date "2017.05.02"]
[Round "7"]
[White "NewBornNow"]
[Black "Aygehovit1992"]
[Result "1-0"]
[WhiteElo "2561"]
[BlackElo "2516"]
[TimeControl "180+2"]
[EndTime "14:32:38 PDT"]
[Termination "NewBornNow won by resignation"]

1. e4 d6 2. d4 g6 3. c4 Bg7 4. Nc3 e5 5. dxe5 Bxe5 6. Nf3 Bg7 7.
Be2 Nc6 8. O-O Nf6 9. c5 O-O 10.
cxd6 cxd6 11. Bf4 Re8 12. Bc4 Be6 13. Bxe6 Rxe6 14. Ng5 Re8 15. Qb3 Qe7 16. Rad1 Rad8 17. Bxd6 Rxd6 18. Rxd6 Qxd6 19. Qxf7+ Kh8 20. Qxe8+ Nxe8 21. Nf7+ Kg8 22. Nxd6 Nxd6 23. Rd1 Nc4 24. Rd7 Nxb2 25.
Nd5 Na5 26. f4 Nbc4 27. e5 Nb6 28. Nxb6 axb6 29. Kf2 Bf8 30. Kf3 Bc5 31. g4 b5 32. Ke4 b4 33. f5 gxf5+ 34. gxf5 b6 35. f6 b3 36. axb3 Nxb3 37. e6 1-0

[Event "*** Titled Tuesday 3|2 Blitz"]
[Site "Chess.com"]
[Date "2017.05.02"]
[Round "7"]
[White "oskariot"]
[Black "kleinebeer98"]
[Result "1-0"]
[WhiteElo "2449"]
[BlackElo "2454"]
[TimeControl "180+2"]
[EndTime "14:32:39 PDT"]
[Termination "oskariot won by resignation"]

1. e4 e5 2. Nf3 Nc6 3. Bb5 f5 4. Nc3 fxe4 5. Nxe4 d5 6. Nxe5 dxe4 7. Nxc6 Qd5 8. c4 Qd6 9. Nxa7+ Bd7 10. Bxd7+ Qxd7 11.
Qh5+ Kd8 12. Nb5 Nf6 13. Qe2 Bc5 14. O-O Rf8 15. Nc3 Qd3 16. Re1 Ng4 17. Nxe4 Qxe4 18.
Qxe4 Bxf2+ 19. Kh1 Bxe1 20. Qxe1 Kd7 21. Qe2 Nf2+ 22. Kg1 Rae8 23. Qxf2 Re1+ 24. Qxe1 1-0

[Event "*** Titled Tuesday 3|2 Blitz"]
[Site "Chess.com"]
[Date "2017.05.02"]
[Round "7"]
[White "Vamostodorecto"]
[Black "1lec"]
[Result "1-0"]
[WhiteElo "2334"]
[BlackElo "2057"]
[TimeControl "180+2"]
[EndTime "14:32:55 PDT"]
[Termination "Vamostodorecto won by resignation"]

1. d4 Nf6 2. c4 g6 3. Nc3 d5 4.
Bg5 Bg7 5. Bxf6 Bxf6 6. cxd5 c5 7. Nf3 cxd4 8. Nxd4 O-O 9. Nb3 Bf5 10. e3 Nd7 11. Bd3 Bxd3 12. Qxd3 Ne5 13. Qe2 Rc8 14. O-O Nc4 15. Nd4 Qb6 16. Na4 Qa5 17. b3 Nd6 18. Rad1 Qxd5 19. Rd3 Qa5 20. Qd2 Qxd2 21. Rxd2 Ne4 22.
Rd3 a6 23. Nb6 Rcd8 24. Rfd1 Nc5 25. R3d2 e5 26. Nf3 e4 27. Nd4 Nd7 28. Ne6 fxe6 29. Nxd7 1-0

[Event "*** Titled Tuesday 3|2 Blitz"]
[Site "Chess.com"]
[Date "2017.05.02"]
[Round "7"]
[White "Msb2"]
[Black "Blitzstream"]
[Result "1-0"]
[WhiteElo "2565"]
[BlackElo "2463"]
[TimeControl "180+2"]
[EndTime "14:33:20 PDT"]
[Termination "Msb2 won by checkmate"]

1. d4 g6 2. c4 Bg7 3. e4 e6 4. Nc3 d6 5. Nf3 Nd7 6. Be2 b6 7. Be3 Bb7 8. Qc2 Ne7 9. h4 h6 10.
d5 e5 11. h5 g5 12. g4 a5 13. b3 Nc5 14. Nd2 Qd7 15. f3 O-O 16. O-O Kh7 17.
a3 Ng8 18. b4 Na6 19. Rab1 Bc8 20. Na4 Nf6 21. c5 axb4 22. c6 Qe7 23. axb4 Nb8 24. Nc3 Ra3 25. Ra1 Rxa1 26. Rxa1 Nxh5 27. gxh5 f5 28. exf5 e4 29. Ndxe4 Bxf5 30. Bd3 Bxc3 31. Qxc3 g4 32. Rf1 Qh4 33. Bf2 Qh3 34. Nf6+ Rxf6 35.
Qxf6 Bxd3 36. Qf7+ Kh8 37. Bd4# 1-0

[Event "*** Titled Tuesday 3|2 Blitz"]
[Site "Chess.com"]
[Date "2017.05.02"]
[Round "7"]
[White "iturrizaga"]
[Black "penguingm1"]
[Result "1-0"]
[WhiteElo "2680"]
[BlackElo "2586"]
[TimeControl "180+2"]
[EndTime "14:33:28 PDT"]
[Termination "iturrizaga won on time"]

1. Nf3 d5 2. c4 e6 3. g3 Nf6 4.
Bg2 Be7 5. O-O O-O 6. d4 dxc4 7. Qc2 a6 8. a4 Bd7 9. Rd1 Bc6 10. Nc3 Bxf3 11. Bxf3 Nc6 12. Bxc6 bxc6 13. a5 Qb8 14. Ra4 c5 15. dxc5 Bxc5 16. Rxc4 Be7 17. Bf4 Rc8 18. Be5 Qb7 19. Ne4 Nd5 20. Nc5 Qb5 21. Nb3 Ne3 22.
fxe3 Qxe5 23. Rd3 Rab8 24. Nd4 c5 25. b4 Rc7 26. Nf3 Qf5 27. Kg2 Rbc8 28. e4 Qh5 29. Qa4 h6 30. b5 axb5 31. Qxb5 Qg6 32. a6 Ra7 33. Rd7 1-0

[Event "*** Titled Tuesday 3|2 Blitz"]
[Site "Chess.com"]
[Date "2017.05.02"]
[Round "7"]
[White "DiogenesSinopeus"]
[Black "evgenyermolaev"]
[Result "1-0"]
[WhiteElo "2235"]
[BlackElo "2345"]
[TimeControl "180+2"]
[EndTime "14:33:34 PDT"]
[Termination "DiogenesSinopeus won by checkmate"]

1. d4 Nf6 2. c4 c5 3. d5 g6 4. Nc3 Bg7 5. g3 d6 6. Bg2 O-O 7. Nf3 e6 8. O-O exd5 9. cxd5 Na6 10.
Bf4 Nc7 11. e4 b5 12. e5 Nfe8 13. Ne4 Bb7 14. exd6 Nxd5 15. Nxc5 Bc6 16. Be5 Nxd6 17. Bxg7 Kxg7 18. Ne5 Ne7 19. Nxc6 Nxc6 20. Bxc6 Rc8 21. Bg2 Nc4 22. Nd7 Re8 23. Qd4+ f6 24. Rfd1 Rc7 25.
b3 Na3 26. Rac1 Rxc1 27. Rxc1 Re6 28. Rd1 Kh6 29. h4 Kg7 30. Kh2 a5 31. Qa7 Re7 32. Qc5 Rxd7 33. Rxd7+ Qxd7 34. Qxa3 Qd2 35. Qe7+ Kh6 36.
Qf8+ Kh5 37. Bf3# 1-0

[Event "*** Titled Tuesday 3|2 Blitz"]
[Site "Chess.com"]
[Date "2017.05.02"]
[Round "7"]
[White "olgerts_indricans"]
[Black "Saitama_Hero"]
[Result "1-0"]
[WhiteElo "2257"]
[BlackElo "2262"]
[TimeControl "180+2"]
[EndTime "14:33:40 PDT"]
[Termination "olgerts_indricans won by resignation"]

1. e4 c5 2. Nf3 g6 3. d4 cxd4 4.
Qxd4 Nf6 5. Nc3 Nc6 6. Qa4 d6 7. e5 dxe5 8. Nxe5 Qd4 9. Nxc6 Qxa4 10. Nxa4 bxc6 11. b3 Bf5 12. Bb2 Bxc2 13. Ba6 Rd8 14.
O-O Bh6 15. Rfe1 O-O 16. Rxe7 Nd5 17. Rxa7 Rfe8 18. Bc4 Bf4 19. g3 Bb8 20. Rb7 Be4 21.
Nc3 Bf3 22. h4 Be5 23. Rc1 Re7 24. Rxe7 Nxe7 25. Re1 Bf6 26. a4 Rd2 27. Ba1 Nf5 28.
Nb1 Rd6 29. Bxf6 Rxf6 30. Nd2 Nd4 31. Re7 Bd1 32. f4 c5 33. Ne4 Rb6 34. Rxf7 Bxb3 35. Rb7+ Bxc4 36. Rxb6 Bd5 37. Nf6+ 1-0

[Event "*** Titled Tuesday 3|2 Blitz"]
[Site "Chess.com"]
[Date "2017.05.02"]
[Round "7"]
[White "David_Klein"]
[Black "RitvarsReimanis"]
[Result "0-1"]
[WhiteElo "2494"]
[BlackElo "2447"]
[TimeControl "180+2"]
[EndTime "14:33:49 PDT"]
[Termination "RitvarsReimanis won by resignation"]

1. e4 c5 2. Nf3 Nc6 3. Bb5 g6 4. O-O Bg7 5. Re1 Nh6 6. h3 f6 7.
c3 Nf7 8. d4 cxd4 9. cxd4 O-O 10. Nc3 a6 11. Bf1 d6 12. Be3 Qa5 13. d5 Nce5 14.
Nd4 g5 15. Rc1 Bd7 16. Ne6 Rfc8 17. f4 gxf4 18. Nxf4 Nc4 19. Bxc4 Rxc4 20. Ne6 Ne5 21. Bd4 Ng6 22. b3 Rcc8 23. Kh1 Bh6 24. Rc2 b5 25.
Qh5 Bg7 26. Rec1 b4 27. Nd1 Rxc2 28. Rxc2 Bxe6 29. Ne3 Rc8 30. dxe6 Qxh5 31. Rxc8+ Bf8 32. Nf5 h6 33. Kh2 Qe2 34. Be3 Kh7 35. Kg3 Qxa2 36. Kf3 h5 37. g4 hxg4+ 38. Kxg4 Qg2+ 39. Kh5 Qxh3+ 0-1

[Event "*** Titled Tuesday 3|2 Blitz"]
[Site "Chess.com"]
[Date "2017.05.02"]
[Round "7"]
[White "Wolverine_master"]
[Black "politeplayer"]
[Result "1/2-1/2"]
[WhiteElo "1945"]
[BlackElo "2065"]
[TimeControl "180+2"]
[EndTime "14:33:50 PDT"]
[Termination "Game drawn by agreement"]

1. Nf3 d5 2. g3 e6 3. Bg2 Nf6 4.
d4 Be7 5. O-O O-O 6. c4 c5 7.
Qc2 cxd4 8. Nxd4 e5 9. Nf5 Bxf5 10. Qxf5 Nc6 11. cxd5 Nd4 12. Qd3 Nxd5 13. a3 Rc8 14.
Nc3 Nxc3 15. bxc3 Rxc3 16. Qd1 Qb6 17. Be3 Rd8 18. Bxd4 Rxd4 19. Qb1 Qxb1 20. Rfxb1 Rxa3 21. Rxa3 Bxa3 22. Rxb7 Rd1+ 23. Bf1 Bc5 24. Rc7 Bb6 25. Rc8+ Rd8 26. Rxd8+ Bxd8 27. e4 Kf8 28. Bc4 Ke7 29. Kf1 f6 30. Ke2 Kd6 31. Kd3 Kc5 32. Bg8 h6 33. f4 exf4 34. gxf4 Bc7 35. Ke3 a5 36. h4 a4 37. f5 Kb4 38. Kd3 h5 39. Kc2 Bg3 40. Bf7 Bxh4 41. Bxh5 Kc4 42. Bf7+ Kd4 43. Bd5 Ke5 44. Kb2 Bf2 45. Ka3 Bc5+ 46. Kxa4 Kf4 47. Kb5 Bd4 48. Kc6 Be5 49. Kd7 Kg5 50. Ke8 g6 51. fxg6 Kxg6 52. Ke7 Kg5 53. Ke6 Kf4 54. Bc6 Kg5 55. Bd5 Kf4 56. Bc6 Kf3 57. Kf5 Ke3 58.
Ba8 Kd4 59. Bd5 Kc5 60. Ba8 Kd4 61. Bd5 Ke3 62. Ba8 1/2-1/2

[Event "*** Titled Tuesday 3|2 Blitz"]
[Site "Chess.com"]
[Date "2017.05.02"]
[Round "7"]
[White "scrapnel"]
[Black "chessking2151"]
[Result "0-1"]
[WhiteElo "2470"]
[BlackElo "2358"]
[TimeControl "180+2"]
[EndTime "14:33:51 PDT"]
[Termination "chessking2151 won by resignation"]

1. Nf3 Nf6 2. g3 g6 3. b3 Bg7 4.
Bb2 O-O 5. Bg2 d6 6. d4 c5 7. c4 Nfd7 8. O-O Nc6 9. e3 e5 10.
Nc3 exd4 11. exd4 Nxd4 12. Nxd4 Bxd4 13. Qd2 Ne5 14. Nd5 Bxb2 15. Qxb2 Be6 16. Rad1 Bxd5 17. Bxd5 Qc7 18. Rfe1 Rae8 19. Re3 Nc6 20. Rxe8 Rxe8 21. Qf6 Nd4 22. h4 Qe7 23. Qxe7 Rxe7 24. Kf1 b6 25. b4 Kg7 26. b5 f5 27. Rd3 Kf6 28.
f4 Nc2 29. Kf2 Nd4 30. Kf1 Re8 31. Ra3 Re7 32. Rd3 Kg7 33. a4 Kh6 34. a5 Kh5 35. axb6 axb6 36. Ra3 Kg4 37. Bg8 h6 38. Bd5 Nc2 39.
Ra6 Kxg3 0-1

[Event "*** Titled Tuesday 3|2 Blitz"]
[Site "Chess.com"]
[Date "2017.05.02"]
[Round "7"]
[White "sorito"]
[Black "eldur16"]
[Result "0-1"]
[WhiteElo "2373"]
[BlackElo "2461"]
[TimeControl "180+2"]
[EndTime "14:33:52 PDT"]
[Termination "eldur16 won by resignation"]

1. d4 g6 2. Nf3 f5 3. g3 Nf6 4. Bg2 Bg7 5. O-O O-O 6. b3 d6 7.
Bb2 c6 8. c4 a5 9. a3 Na6 10.
Nc3 Qe8 11. Qc2 e5 12. dxe5 dxe5 13. e4 f4 14. Na4 Bg4 15. Nxe5 f3 16. Nxf3 Qxe4 17.
Qxe4 Nxe4 18. Bxg7 Kxg7 19. Ne5 Bf5 20. Rad1 Rae8 21.
f4 h5 22. Rfe1 Nf6 23. h4 Bc2 24. Rd6 Bxb3 25. Nb6 Nc5 26. Re2 Re7 27. Red2 Nce4 28. Bxe4 Nxe4 29. Rd7 Re8 30. R2d3 Bc2 31. Re3 Rxd7 32.
Nbxd7 Nd6 33. c5 Nb5 34. Kh2 Bf5 35. a4 Bxd7 36. axb5 cxb5 37. Ra3 Rxe5 38. fxe5 a4 39. Rd3 Bc6 40. g4 b4 41. Rd4 b3 42. Rb4 Kf7 43.
gxh5 gxh5 44. Kg3 Ke6 45. Kf4 Kd5 46. Kf5 Kxc5 47. Rf4 b2 48. Rf1 a3 0-1

[Event "*** Titled Tuesday 3|2 Blitz"]
[Site "Chess.com"]
[Date "2017.05.02"]
[Round "7"]
[White "AkshatChandra"]
[Black "Michelangelo"]
[Result "1/2-1/2"]
[WhiteElo "2753"]
[BlackElo "2649"]
[TimeControl "180+2"]
[EndTime "14:33:58 PDT"]
[Termination "Game drawn by repetition"]

1. e4 e5 2. Nf3 Nc6 3. Bb5 a6 4.
Ba4 Nf6 5. O-O b5 6. Bb3 Bb7 7.
d3 Be7 8. Nc3 O-O 9. a3 d6 10. Re1 Qd7 11. Ne2 Rae8 12. Ng3 Nd8 13. Nf5 Ne6 14. Nxe7+ Qxe7 15. Ng5 Bc8 16. c3 h6 17.
Nxe6 Bxe6 18. Bc2 c5 19. h3 d5 20. Qf3 dxe4 21. dxe4 Kh7 22. Be3 Rd8 23. Red1 c4 24. Qe2 Rxd1+ 25. Rxd1 Rd8 26. Rf1 Nd7 27. f4 f6 28. fxe5 Nxe5 29. Bd4 Bf7 30. Qf2 Bg6 31. Re1 Re8 32. Qg3 Nd3 33. Bxd3 cxd3 34. Qxd3 Bxe4 35. Qg3 Qb7 36. Kh2 Qc6 37. Re3 Re6 38. Qf2 Qd5 39.
Qg3 Bg6 40. Rxe6 Qxe6 41. b4 Qe2 42. Qf2 Qd3 43. Qe3 Qf1 44. Qg3 Be4 45. Qf2 Qd3 46. Qg3 Qc2 47. Qf2 Qd3 48. Qg3 Qc2 49. Qf2 Qd3 50.
Qg3 Qc2 51. Qf2 Qd3 52. Qg3 Qc2 53. Qf2 Qd3 1/2-1/2

[Event "*** Titled Tuesday 3|2 Blitz"]
[Site "Chess.com"]
[Date "2017.05.02"]
[Round "7"]
[White "Rikikits"]
[Black "PaulfromSPb"]
[Result "1/2-1/2"]
[WhiteElo "2576"]
[BlackElo "2571"]
[TimeControl "180+2"]
[EndTime "14:34:10 PDT"]
[Termination "Game drawn by agreement"]

1. e4 c5 2. Nf3 d6 3. d4 cxd4 4.
Nxd4 Nf6 5. Nc3 e5 6. Bb5+ Nbd7 7. Nf5 Qc7 8. O-O a6 9. Ba4 b5 10. Bb3 Nc5 11. Ne3 Nxb3 12. cxb3 Bb7 13. Ned5 Nxd5 14. Nxd5 Bxd5 15. Qxd5 Rc8 16. a4 bxa4 17. Be3 Qc6 18. Rxa4 Be7 19. Rfa1 O-O 20. Qxc6 Rxc6 21. Rxa6 Rc2 22. R1a2 Rb8 23. Ra8 Rxa8 24. Rxa8+ Bf8 25. Ra2 f5 26. g3 fxe4 27. b4 d5 28. b5 d4 29. Bg5 Rc7 30. b6 Rb7 31. Bd8 Bc5 32. Ra5 Bxb6 33. Rb5 d3 34. Bxb6 d2 35. Rd5 Rxb6 36.
Rxd2 Kf7 37. Kf1 Rb3 38. Ke2 Ke6 39. Rc2 h5 40. h3 g5 41. Rd2 h4 42. gxh4 gxh4 43. Rd8 Rxh3 44. Re8+ Kd5 45. Rd8+ Kc5 46. Rc8+ Kd4 47. Rd8+ Kc4 48. Rc8+ Kb3 49. Re8 Kc4 50.
Rxe5 Kd4 51. Rh5 Rb3 52. Rxh4 Rxb2+ 53. Kf1 Ke5 54. Rh8 Kf4 55. Rf8+ Ke5 56. Re8+ Kd4 57.
Rd8+ Ke5 58. Re8+ Kf4 1/2-1/2

[Event "*** Titled Tuesday 3|2 Blitz"]
[Site "Chess.com"]
[Date "2017.05.02"]
[Round "7"]
[White "hypert"]
[Black "IIIlllII1llIl"]
[Result "1-0"]
[WhiteElo "2307"]
[BlackElo "2528"]
[TimeControl "180+2"]
[EndTime "14:34:10 PDT"]
[Termination "hypert won by checkmate"]

1. e4 b6 2. d4 Bb7 3. Nc3 e6 4. Nf3 Bb4 5. Bd3 Nf6 6. e5 Ne4 7.
Bd2 Bxc3 8. bxc3 d6 9. exd6 cxd6 10. O-O Nd7 11. Re1 Nxd2 12. Nxd2 O-O 13. Ne4 Nf6 14. a4 Rc8 15. a5 Bxe4 16. Bxe4 Nxe4 17. Rxe4 Rxc3 18.
axb6 axb6 19. d5 e5 20. Rb4 Qc7 21. Rab1 Rb8 22. R1b2 g6 23. g3 Rc5 24. Qd3 Kg7 25.
c4 Qd8 26. h4 Qf6 27. Rxb6 Rbc8 28. Rc2 Ra8 29. Rb1 h5 30. Kg2 Rac8 31. f4 exf4 32. Rf1 Qe5 33. Rxf4 Re8 34. Rcf2 f5 35. Ra2 Re7 36.
Rff2 Qe4+ 37. Qxe4 Rxe4 38. Ra6 Rcxc4 39. Rxd6 Rcd4 40.
Ra2 Re3 41. Ra7+ Kf8 42. Rd8+ Re8 43. Rdd7 Re2+ 44. Kf3 Red2 45. Rd8# 1-0

[Event "*** Titled Tuesday 3|2 Blitz"]
[Site "Chess.com"]
[Date "2017.05.02"]
[Round "7"]
[White "Schemato"]
[Black "Abdodi"]
[Result "1-0"]
[WhiteElo "2296"]
[BlackElo "2060"]
[TimeControl "180+2"]
[EndTime "14:34:10 PDT"]
[Termination "Schemato won by resignation"]

1. c4 Nf6 2. Nc3 d5 3. cxd5 Nxd5 4. g3 c5 5. Bg2 e6 6. Nf3 Nc6 7. O-O Be7 8. Nxd5 exd5 9. d4 b6 10.
b3 O-O 11. Bb2 Ba6 12. Qd2 Rc8 13. dxc5 bxc5 14. Rfd1 Bf6 15. Bxf6 Qxf6 16. e3 Rfd8 17. Rac1 Nb4 18. a3 Nd3 19. Rc3 Ne5 20. Nxe5 Qxe5 21. Bxd5 Kf8 22. e4 f5 23. Rf3 g6 24. Qh6+ Qg7 25.
Qe3 Bb7 26. Rd3 Bxd5 27. Rxd5 Rxd5 28. exd5 Qd4 29. Qe6 Re8 30. Qd6+ Kf7 31. Kg2 Re5 32. Qc7+ Kg8 33. d6 Rd5 34. Re3 Re5 35. d7 Rxe3 36. d8=Q+ 1-0

[Event "*** Titled Tuesday 3|2 Blitz"]
[Site "Chess.com"]
[Date "2017.05.02"]
[Round "7"]
[White "cailinchetty"]
[Black "stepanosinovsky"]
[Result "0-1"]
[WhiteElo "1927"]
[BlackElo "2230"]
[TimeControl "180+2"]
[EndTime "14:34:16 PDT"]
[Termination "stepanosinovsky won by resignation"]

1. e4 e5 2. Nf3 Nc6 3. Bb5 a6 4.
Ba4 Nf6 5. O-O Be7 6. Re1 b5 7. Bb3 O-O 8. c3 d5 9. exd5 Nxd5 10. Nxe5 Nxe5 11. Rxe5 c6 12. g3 Bd6 13. Re1 Qd7 14. d4 Qh3 15. Qd3 Bf5 16. Qf1 Qh5 17.
Be3 Bh3 18. Qe2 Bg4 19. Qf1 Bh3 20. Qe2 Bg4 21. Qf1 Rae8 22. Nd2 Bh3 23. Qe2 Bg4 24. Qf1 Re6 25. a4 Bh3 26. Qe2 Bg4 27. Qf1 Rfe8 28. Bxd5 cxd5 29. axb5 axb5 30. Qxb5 Bf4 31. Ra6 Bxe3 32.
Rxe3 Rxe3 33. fxe3 f6 34. Rd6 Qg5 35. Qxd5+ Qxd5 36. Rxd5 Rxe3 37. Rd8+ Kf7 38. Nf1 Re2 39. b4 Bh3 40. b5 Rg2+ 41. Kh1 Re2 42. Ne3 Rxe3 43.
Kg1 Rf3 44. Rd7+ Kg6 0-1

[Event "*** Titled Tuesday 3|2 Blitz"]
[Site "Chess.com"]
[Date "2017.05.02"]
[Round "7"]
[White "Robin-Side"]
[Black "pKiLz5Rn9b"]
[Result "0-1"]
[WhiteElo "2279"]
[BlackElo "2456"]
[TimeControl "180+2"]
[EndTime "14:34:23 PDT"]
[Termination "pKiLz5Rn9b won by resignation"]

1. e4 e6 2. d4 d5 3. Nd2 Nf6 4. e5 Nfd7 5. f4 c5 6. c3 Nc6 7. Ndf3 Qb6 8. a3 Be7 9. b4 cxd4 10. cxd4 O-O 11. Bd3 f6 12. Bb2 fxe5 13.
fxe5 Nd8 14. Ne2 Nf7 15. Bc2 Ng5 16. Qd3 g6 17. h4 Nxf3+ 18. gxf3 Rf5 19. h5 Nf8 20.
hxg6 hxg6 21. Qe3 Rg5 22. f4 Rg4 23. Qf3 Rh4 24. Rxh4 Bxh4+ 25. Kd2 Qd8 26. Rh1 a5 27.
Qh3 g5 28. Qg4 Kf7 29. Qh5+ Kg7 30. Kd1 Bd7 31. Bc1 Be8 32. Qg4 Bg6 33. f5 exf5 34. Bxf5 Bxf5 35. Qxf5 Ng6 36. Qg4 Qe7 37. Ng3 Bxg3 38.
Qxg3 axb4 39. axb4 Qxb4 40. Qxg5 Qxd4+ 41. Ke2 Qe4+ 42. Kf2 Ra2+ 0-1

[Event "*** Titled Tuesday 3|2 Blitz"]
[Site "Chess.com"]
[Date "2017.05.02"]
[Round "7"]
[White "stefanodinn"]
[Black "heartofatiger"]
[Result "1-0"]
[WhiteElo "2231"]
[BlackElo "1848"]
[TimeControl "180+2"]
[EndTime "14:34:28 PDT"]
[Termination "stefanodinn won by resignation"]

1. e4 c5 2. Nc3 e6 3. Nf3 a6 4. d4 cxd4 5. Nxd4 Ne7 6. Be2 b5 7.
O-O Bb7 8. a3 Nbc6 9. Be3 Nxd4 10. Qxd4 Nc6 11. Qd2 Be7 12. Rad1 Rc8 13. f4 Na5 14. Bd4 O-O 15. f5 f6 16. fxe6 dxe6 17.
Bg4 Rc6 18. Qe3 Qe8 19. Qh3 Bc8 20. Ne2 e5 21. Bc3 Bxg4 22. Qxg4 Nc4 23. Rd3 Bc5+ 24. Kh1 Ne3 25. Rxe3 Bxe3 26. Ng3 Qg6 27. Qd7 Rfc8 28.
Nf5 Qf7 29. Qxf7+ Kxf7 30. Nxe3 Ke6 31. Kg1 Rd8 32. Kf2 g6 33. g4 Rcc8 34. Ke2 Rd7 35. h3 Rcc7 36. Nd5 Rxd5 37. exd5+ Kxd5 38. Rxf6 a5 39. Rb6 Rc5 40. Rb7 Kc4 41. Bxa5 h5 42. Bc3 hxg4 43. hxg4 Kd5 44. Re7 Ke4 45. Rxe5+ Rxe5 46.
Bxe5 Kxe5 47. Kf3 g5 48. b3 Kd4 49. a4 bxa4 50. bxa4 Kc4 51. Ke4 Kb4 52. Kf5 Kxa4 53.
Kxg5 Kb4 54. Kf6 1-0

[Event "*** Titled Tuesday 3|2 Blitz"]
[Site "Chess.com"]
[Date "2017.05.02"]
[Round "7"]
[White "Indianlad"]
[Black "SerGo055"]
[Result "1-0"]
[WhiteElo "2653"]
[BlackElo "2400"]
[TimeControl "180+2"]
[EndTime "14:34:30 PDT"]
[Termination "Indianlad won on time"]

1. d4 d5 2. c4 e6 3. Nf3 Nf6 4. Nc3 Nbd7 5. cxd5 exd5 6. Bg5 c6 7. e3 Be7 8. Bd3 O-O 9. O-O Re8 10.
Rb1 a6 11. Qc2 Nf8 12. b4 N6d7 13. Bf4 b5 14. Nxd5 Bb7 15. Nc7 Nb6 16. Nxe8 Qxe8 17. Be4 Rc8 18. Ne5 Nd5 19. Bxd5 cxd5 20. Qd2 f6 21.
Nd3 Ng6 22. Nc5 Bxc5 23. bxc5 Nh4 24. f3 Qg6 25. Bg3 Nf5 26. Bf2 h5 27. Rfe1 Re8 28.
Rbc1 Bc6 29. Qa5 h4 30. h3 Bd7 31. c6 Bc8 32. Qc7 Qf7 33. Qxf7+ Kxf7 34. e4 dxe4 35. fxe4 Nd6 36. Bxh4 Rxe4 37. Rxe4 Nxe4 38. d5 f5 39. Re1 g5 40. Bf2 a5 41. g4 b4 42. gxf5 Bxf5 43. c7 Nd6 44. Bg3 Nc8 45. d6 Be6 46. Kf2 a4 47. Re4 b3 48. Rxa4 bxa2 49. Rxa2 Bxh3 50. Re2 Be6 51. Ke3 g4 52. Kd4 1-0

[Event "*** Titled Tuesday 3|2 Blitz"]
[Site "Chess.com"]
[Date "2017.05.02"]
[Round "7"]
[White "Alexander_Moskalenko"]
[Black "Gordima"]
[Result "1-0"]
[WhiteElo "2682"]
[BlackElo "2594"]
[TimeControl "180+2"]
[EndTime "14:34:40 PDT"]
[Termination "Alexander_Moskalenko won by resignation"]

1. e4 c5 2. Nf3 d6 3. d4 cxd4 4.
Nxd4 Nf6 5. Nc3 a6 6. Be3 e6 7.
Be2 Qc7 8. a4 b6 9. f4 Bb7 10.
Bf3 Nbd7 11. Qe2 Be7 12. O-O O-O 13. g4 Nc5 14. Qg2 d5 15. exd5 exd5 16. Nf5 Nfe4 17. Nxe4 Nxe4 18. Bxe4 dxe4 19. Nxe7+ Qxe7 20. f5 f6 21. Rfd1 b5 22. axb5 axb5 23. Rxa8 Bxa8 24. Qe2 Qe5 25.
c3 g6 26. fxg6 hxg6 27. Qf2 g5 28. Qf5 Qxf5 29. gxf5 Bb7 30. Rd6 Bc8 31. Rd5 b4 32. cxb4 Re8 33. Kf2 Ba6 34. b5 Bc8 35. b6 Kf7 36.
Bc5 Ba6 37. Ke3 Rb8 38. Rd7+ Kg8 39. Kxe4 Rb7 40. Rc7 Rb8 41. Bd4 Bb7+ 42. Kd3 Bc8 43. Kc4 Bxf5 44. Kc5 Be4 45. Bxf6 g4 46. Be5 Rd8 47.
Bd6 Rb8 48. Rg7+ Kxg7 49. Bxb8 Kf7 50. Kd6 Ke8 51. Kc7 Ke7 52. Ba7 g3 53. hxg3 1-0

[Event "*** Titled Tuesday 3|2 Blitz"]
[Site "Chess.com"]
[Date "2017.05.02"]
[Round "7"]
[White "rithwik2002"]
[Black "aa175"]
[Result "0-1"]
[WhiteElo "1876"]
[BlackElo "1803"]
[TimeControl "180+2"]
[EndTime "14:34:41 PDT"]
[Termination "aa175 won by checkmate"]

1. e4 e5 2. Nf3 Nc6 3. Bc4 Nf6 4.
d3 h6 5. O-O Bc5 6. c3 O-O 7. d4 exd4 8. cxd4 Bb6 9. e5 Ne8 10.
d5 Ne7 11. Nc3 d6 12. a4 a5 13. Be3 Bxe3 14. fxe3 dxe5 15. Nxe5 Nd6 16. Qd3 Bf5 17.
e4 Bh7 18. Bb3 Ng6 19. Nf3 Ne7 20. Qe3 Ng6 21. e5 Re8 22. e6 Ne7 23. Ne5 f6 24. Nd7 Nef5 25. Qf4 Qe7 26. g4 Nh4 27. Qf2 f5 28. gxf5 Nhxf5 29. Kh1 Kh8 30. Rg1 Rad8 31. Nb5 b6 32. Nxd6 Nxd6 33. Rg2 Be4 34. Rg1 Rg8 35. Qf4 Bxg2+ 36. Rxg2 Rxd7 37. exd7 Qxd7 38. Bc2 Qf7 39. Qd2 Qf1+ 40. Rg1 Qf3+ 41. Rg2 Rf8 42. Bd1 Qf1+ 43. Rg1 Qf6 44. Qd3 Qf5 45. Qd2 Qe4+ 46. Rg2 Rf1# 0-1